BR (22 & UNDER)
GRAND RAPIDS DUTCH OVENS @ SANTA CLARITA MUSIC
09/19/2029
 
TOP OF THE 1ST
Grand Rapids Dutch Ovens batting - Pitching for Santa Clarita Music : RHP Pierre Lauzon
Pitching: RHP Pierre Lauzon
Batting: RHB Earl Davis 0-0: Called Strike
0-1: Swinging Strike
0-2: Strikes out looking
Batting: LHB Al Cramer 0-0: Called Strike
0-1: Swinging Strike
0-2: Ground out 1-3 (Groundball, 13)
Batting: RHB Víctor López 0-0: Called Strike
0-1: Ball
1-1: Foul Ball, location: 2F
1-2: Strikes out swinging
Top of the 1st over - 0 runs, 0 hits, 0 errors, 0 left on base; Grand Rapids 0 - Santa Clarita 0
BOTTOM OF THE 1ST
Santa Clarita Music batting - Pitching for Grand Rapids Dutch Ovens : RHP Gustavo Cháves
Pitching: RHP Gustavo Cháves
Batting: RHB Sergio Moreno 0-0: Fly out, F8 (Flyball, 8LM)
Batting: RHB Greg Grant 0-0: Ball
1-0: Ball
2-0: Ball
3-0: Called Strike
3-1: Base on Balls
Batting: RHB Jesús Morales 0-0: Fly out, F8 (Flyball, 8RS)
Batting: SHB Stan Gómez 0-0: Ball
Greg Grant steals 2nd base
1-0: Ball
2-0: Called Strike
2-1: Called Strike
2-2: Strikes out swinging
Bottom of the 1st over - 0 runs, 0 hits, 0 errors, 1 left on base; Grand Rapids 0 - Santa Clarita 0
TOP OF THE 2ND
Grand Rapids Dutch Ovens batting - Pitching for Santa Clarita Music : RHP Pierre Lauzon
Batting: RHB Gustavo López 0-0: Ball
1-0: Ball
2-0: Called Strike
2-1: Swinging Strike
2-2: DOUBLE (Groundball, 5L)
Pinch Runner at 2nd Antenor Anchieta:
Batting: LHB Pedro Robolledo 0-0: Single, Error in OF, E9, batter to second base
Antenor Anchieta scores
Batting: RHB Mike Best 0-0: Called Strike
0-1: Foul Ball, location: 2F
0-2: Foul Ball, location: 2F
0-2: Foul Ball, location: 2F
0-2: Ball
1-2: Foul Ball, location: 2F
1-2: Foul Ball, location: 2F
1-2: Fly out, F7 (Flyball, 7LM)
Batting: LHB Chris Russell 0-0: Swinging Strike
0-1: Swinging Strike
0-2: Strikes out swinging
Batting: RHB River Sullivan 0-0: Called Strike
0-1: Ball
1-1: Called Strike
1-2: Strikes out swinging
Top of the 2nd over - 1 run, 2 hits, 1 error, 1 left on base; Grand Rapids 1 - Santa Clarita 0
BOTTOM OF THE 2ND
Santa Clarita Music batting - Pitching for Grand Rapids Dutch Ovens : RHP Gustavo Cháves
Now at SS: Antenor Anchieta
Batting: RHB Lyle Johnston 0-0: Ball
1-0: Fly out, F4 (Popup, 4)
Batting: RHB Juan Alvarado 0-0: Ball
1-0: Ball
2-0: Ball
3-0: Called Strike
3-1: Base on Balls
Batting: RHB Adam Gentry 0-0: Ball
Throwing error on steal attempt, E2
Juan Alvarado to third
1-0: Called Strike
1-1: Fly out, F8 (Flyball, 89D)
Runner from 3rd tags up, SCORES, no throw
Batting: RHB Tyler Bond 0-0: Called Strike
0-1: Ball
1-1: Swinging Strike
1-2: Fly out, F8 (Flyball, 8LD)
Bottom of the 2nd over - 1 run, 0 hits, 1 error, 0 left on base; Grand Rapids 1 - Santa Clarita 1
TOP OF THE 3RD
Grand Rapids Dutch Ovens batting - Pitching for Santa Clarita Music : RHP Pierre Lauzon
Batting: RHB John Milligan 0-0: Foul Ball, location: 2F
0-1: Foul Ball, location: 2F
0-2: Ball
1-2: Ball
2-2: Strikes out looking
Batting: RHB Earl Davis 0-0: Ball
1-0: Called Strike
1-1: Swinging Strike
1-2: Ball
2-2: Foul Ball, location: 2F
2-2: Strikes out swinging
Batting: LHB Al Cramer 0-0: Ball
1-0: Swinging Strike
1-1: TRIPLE (Line Drive, 9D)
Batting: RHB Víctor López 0-0: Called Strike
0-1: Ball
1-1: Foul Ball, location: 2F
1-2: Ball
2-2: Strikes out looking
Top of the 3rd over - 0 runs, 1 hit, 0 errors, 1 left on base; Grand Rapids 1 - Santa Clarita 1
BOTTOM OF THE 3RD
Santa Clarita Music batting - Pitching for Grand Rapids Dutch Ovens : RHP Gustavo Cháves
Batting: RHB Leroy Bates 0-0: Called Strike
0-1: Foul Ball, location: 2F
0-2: Ball
1-2: Ball
2-2: Ground out 6-3 (Groundball, 6)
Batting: RHB Sergio Moreno 0-0: Ball
1-0: Called Strike
1-1: Swinging Strike
1-2: Foul Ball, location: 2F
1-2: Ball
2-2: Fly out, F6 (Popup, 6MD)
Batting: RHB Greg Grant 0-0: Called Strike
0-1: Ball
1-1: Called Strike
1-2: Ball
2-2: Ball
3-2: Foul Ball, location: 2F
3-2: Foul Ball, location: 2F
3-2: Foul Ball, location: 2F
3-2: Fly out, F8 (Flyball, 8RS)
Bottom of the 3rd over - 0 runs, 0 hits, 0 errors, 0 left on base; Grand Rapids 1 - Santa Clarita 1
TOP OF THE 4TH
Grand Rapids Dutch Ovens batting - Pitching for Santa Clarita Music : RHP Pierre Lauzon
Batting: RHB Antenor Anchieta 0-0: Swinging Strike
0-1: Swinging Strike
0-2: Ball
1-2: Strikes out looking
Batting: LHB Pedro Robolledo 0-0: Called Strike
0-1: Foul Ball, location: 2F
0-2: Reached on error, E4 (Groundball, 4)
Batting: RHB Mike Best 0-0: Fly out, F8 (Flyball, 78D)
Batting: LHB Chris Russell 0-0: Fly out, F9 (Flyball, 9S)
Top of the 4th over - 0 runs, 0 hits, 1 error, 1 left on base; Grand Rapids 1 - Santa Clarita 1
BOTTOM OF THE 4TH
Santa Clarita Music batting - Pitching for Grand Rapids Dutch Ovens : RHP Gustavo Cháves
Batting: RHB Jesús Morales 0-0: Ball
1-0: Ball
2-0: SINGLE (Flyball, 89S)
Batting: SHB Stan Gómez 0-0: Called Strike
0-1: Fly out, F8 (Flyball, 8RS)
Batting: RHB Lyle Johnston 0-0: Foul Ball, location: 2F
0-1: Foul Ball, location: 2F
0-2: Ball
1-2: DOUBLE (Line Drive, 9D)
Jesús Morales to third
Runner from 3rd tries for Home, SAFE, no throw
Batting: RHB Juan Alvarado 0-0: Called Strike
Lyle Johnston steals 3rd base
0-1: Ball
1-1: Ball
2-1: Ball
3-1: DOUBLE (Line Drive, 9D)
Lyle Johnston scores
Batting: RHB Adam Gentry 0-0: Foul Ball, location: 2F
0-1: Ball
1-1: Fly out, F9 (Flyball, 9S)
Batting: RHB Tyler Bond 0-0: Ball
1-0: Ball
2-0: Swinging Strike
2-1: Ground out 6-3 (Groundball, 56D)
Bottom of the 4th over - 2 runs, 3 hits, 0 errors, 1 left on base; Grand Rapids 1 - Santa Clarita 3
TOP OF THE 5TH
Grand Rapids Dutch Ovens batting - Pitching for Santa Clarita Music : RHP Pierre Lauzon
Batting: RHB River Sullivan 0-0: Swinging Strike
0-1: Ball
1-1: Called Strike
1-2: Foul Ball, location: 2F
1-2: Ball
2-2: Foul Ball, location: 2F
2-2: Ground out 4-3 (Groundball, 4)
Batting: RHB John Milligan 0-0: Ground out 6-3 (Groundball, 6M)
Batting: RHB Earl Davis 0-0: Foul Ball, location: 2F
0-1: Ball
1-1: Ball
2-1: Foul Ball, location: 2F
2-2: Ball
3-2: Foul Ball, location: 2F
3-2: Fly out, F8 (Flyball, 8RXD)
Top of the 5th over - 0 runs, 0 hits, 0 errors, 0 left on base; Grand Rapids 1 - Santa Clarita 3
BOTTOM OF THE 5TH
Santa Clarita Music batting - Pitching for Grand Rapids Dutch Ovens : RHP Gustavo Cháves
Batting: RHB Leroy Bates 0-0: DOUBLE (Line Drive, 8LD)
Pitching: RHP Claude Chapuis
Batting: RHB Sergio Moreno 0-0: Foul Ball, location: 2F
0-1: Foul Ball, location: 2F
0-2: Strikes out swinging
Batting: RHB Greg Grant 0-0: SINGLE (Groundball, 6MD)
Leroy Bates to third
Runner from 3rd tries for Home, SAFE, throw made home
Batting: RHB Jesús Morales 0-0: Called Strike
0-1: Ball
1-1: Fly out, F3 (Flyball, 3D)
Batting: SHB Stan Gómez 0-0: Called Strike
0-1: Ball
1-1: Ball
2-1: Swinging Strike
2-2: TRIPLE (Line Drive, 89XD)
Greg Grant scores
Batting: RHB Lyle Johnston 0-0: Foul Ball, location: 2F
0-1: Foul Ball, location: 2F
0-2: Ball
1-2: Ball
2-2: Foul Ball, location: 2F
2-2: Foul Ball, location: 2F
2-2: Foul Ball, location: 2F
2-2: 2-RUN HOME RUN (Flyball, 78XD), Distance : 439 ft
Batting: RHB Juan Alvarado 0-0: Called Strike
0-1: Called Strike
0-2: Strikes out swinging
Bottom of the 5th over - 4 runs, 4 hits, 0 errors, 0 left on base; Grand Rapids 1 - Santa Clarita 7
TOP OF THE 6TH
Grand Rapids Dutch Ovens batting - Pitching for Santa Clarita Music : RHP Pierre Lauzon
Batting: LHB Al Cramer 0-0: Ground out 5-3 (Groundball, 56S)
Batting: RHB Víctor López 0-0: Ball
1-0: Foul Ball, location: 2F
1-1: Called Strike
1-2: Strikes out swinging
Batting: RHB Antenor Anchieta 0-0: Called Strike
0-1: Ball
1-1: Fly out, F5 (Line Drive, 5S)
Top of the 6th over - 0 runs, 0 hits, 0 errors, 0 left on base; Grand Rapids 1 - Santa Clarita 7
BOTTOM OF THE 6TH
Santa Clarita Music batting - Pitching for Grand Rapids Dutch Ovens : RHP Claude Chapuis
Batting: RHB Adam Gentry 0-0: Ball
1-0: Foul Ball, location: 2F
1-1: Foul Ball, location: 2F
1-2: Ball
2-2: Ball
3-2: Base on Balls
Batting: RHB Tyler Bond 0-0: Ball
1-0: Ball
2-0: DOUBLE (Line Drive, 7LM)
Adam Gentry to third
Runner from 3rd tries for Home, SAFE, no throw
Pitching: RHP Armando Quintana
Batting: RHB Leroy Bates 0-0: Called Strike
0-1: Foul Ball, location: 2F
0-2: Ball
1-2: Strikes out looking
Batting: RHB Sergio Moreno 0-0: Fly out, F9 (Flyball, 9S)
Batting: RHB Greg Grant 0-0: Fly out, F8 (Flyball, 8RS)
Bottom of the 6th over - 1 run, 1 hit, 0 errors, 1 left on base; Grand Rapids 1 - Santa Clarita 8
TOP OF THE 7TH
Grand Rapids Dutch Ovens batting - Pitching for Santa Clarita Music : RHP Pierre Lauzon
Pitching: RHP Júlio Cruz
Batting: LHB Pedro Robolledo 0-0: Called Strike
0-1: Called Strike
0-2: Ball
1-2: Ball
2-2: Strikes out swinging
Batting: RHB Mike Best 0-0: Ball
1-0: Fly out, F8 (Flyball, 8RD)
Batting: LHB Chris Russell 0-0: Called Strike
0-1: Fly out, F8 (Flyball, 89D)
Top of the 7th over - 0 runs, 0 hits, 0 errors, 0 left on base; Grand Rapids 1 - Santa Clarita 8
BOTTOM OF THE 7TH
Santa Clarita Music batting - Pitching for Grand Rapids Dutch Ovens : RHP Armando Quintana
Batting: RHB Jesús Morales 0-0: TRIPLE (Flyball, 7D)
Batting: SHB Stan Gómez 0-0: Ball
1-0: Called Strike
1-1: Called Strike
1-2: Fly out, F8 (Line Drive, 8LD)
Runner from 3rd tags up, SCORES, throw made
Batting: RHB Lyle Johnston 0-0: Called Strike
0-1: Foul Ball, location: 2F
0-2: SINGLE (Groundball, 4D)
Batting: RHB Juan Alvarado 0-0: Foul Ball, location: 2F
0-1: Ball
1-1: Called Strike
1-2: Ball
2-2: Foul Ball, location: 2F
2-2: Ball
3-2: Base on Balls
Lyle Johnston to second
Batting: RHB Adam Gentry 0-0: Called Strike
Lyle Johnston steals 3rd base
Juan Alvarado to second
0-1: Foul Ball, location: 2F
0-2: Ball
1-2: Foul Ball, location: 2F
1-2: Fly out, F8 (Flyball, 8RS)
Runner from 3rd tags up, SCORES, no throw
Batting: RHB Tyler Bond 0-0: Fly out, F3 (Line Drive, 34)
Bottom of the 7th over - 2 runs, 2 hits, 0 errors, 1 left on base; Grand Rapids 1 - Santa Clarita 10
TOP OF THE 8TH
Grand Rapids Dutch Ovens batting - Pitching for Santa Clarita Music : RHP Júlio Cruz
Batting: RHB River Sullivan 0-0: Ball
1-0: Ball
2-0: Called Strike
2-1: Ball
3-1: Swinging Strike
3-2: Base on Balls
Batting: RHB John Milligan 0-0: Ball
1-0: Foul Ball, location: 2F
1-1: Ball
2-1: Foul Ball, location: 2F
2-2: Strikes out looking
Batting: RHB Earl Davis 0-0: Grounds into double play, 4-6-3 (Groundball, 4M)
Top of the 8th over - 0 runs, 0 hits, 0 errors, 0 left on base; Grand Rapids 1 - Santa Clarita 10
BOTTOM OF THE 8TH
Santa Clarita Music batting - Pitching for Grand Rapids Dutch Ovens : RHP Armando Quintana
Batting: RHB Leroy Bates 0-0: Ball
1-0: Fly out, F7 (Flyball, 7)
Batting: RHB Sergio Moreno 0-0: Foul Ball, location: 2F
0-1: Hit by Pitch
Batting: RHB Greg Grant 0-0: Called Strike
0-1: Foul Ball, location: 2F
0-2: Hit by Pitch
Sergio Moreno to second
Pitching: RHP Ethan Knight
Batting: RHB Jesús Morales 0-0: Foul Ball, location: 2F
0-1: Foul Ball, location: 2F
0-2: Strikes out swinging
Batting: SHB Stan Gómez 0-0: Ball
1-0: Foul Ball, location: 2F
1-1: Foul Ball, location: 2F
1-2: Strikes out swinging
Bottom of the 8th over - 0 runs, 0 hits, 0 errors, 2 left on base; Grand Rapids 1 - Santa Clarita 10
TOP OF THE 9TH
Grand Rapids Dutch Ovens batting - Pitching for Santa Clarita Music : RHP Júlio Cruz
Pinch Hitting: SHB Karl Webster 0-0: Called Strike
0-1: Ball
1-1: Reached on error, E4 (Groundball, 4S)
Batting: RHB Víctor López 0-0: Called Strike
0-1: Fly out, F9 (Flyball, 9)
Batting: RHB Antenor Anchieta 0-0: Ball
1-0: SINGLE (Line Drive, 8RS)
Karl Webster to third
Batting: LHB Pedro Robolledo 0-0: Foul Ball, location: 2F
0-1: Foul Ball, location: 2F
0-2: Ball
1-2: Foul Ball, location: 2F
1-2: Ball
2-2: Ball
3-2: Base on Balls
Antenor Anchieta to second
Batting: RHB Mike Best 0-0: Foul Ball, location: 2F
0-1: SINGLE (Groundball, 6MD)
Karl Webster scores
Antenor Anchieta to third
Pedro Robolledo to second
Batting: LHB Chris Russell 0-0: Called Strike
0-1: Fly out, F9 (Flyball, 89D)
Runner from 3rd tags up, SCORES, no throw
Batting: RHB River Sullivan 0-0: SINGLE (Line Drive, 4D)
Pedro Robolledo to third
Mike Best to second
Batting: RHB John Milligan 0-0: Ball
1-0: SINGLE (Flyball, 89M)
Pedro Robolledo scores
Mike Best to third
River Sullivan to second
Pitching: LHP Pedro Beleza
Batting: RHB Earl Davis 0-0: Ball
1-0: Swinging Strike
1-1: Foul Ball, location: 2F
1-2: Fielders Choice at 2nd, 5-4 (Groundball, 5)
Top of the 9th over - 3 runs, 4 hits, 1 error, 3 left on base; Grand Rapids 4 - Santa Clarita 10
Saturday, December 16th, 2017 - OOTP Baseball 18.8 Build 76